Cogmind - Beta 15 @@@ ROGUE MODE // 2025.07.19 @ 14:12:04 Player: Rockstar Result: Destroyed by 83-HYF(R) with Subdweller Laser Performance ------------- Evolutions (0) 0 Regions Visited (2) 400 Robots Destroyed (9) 45 Value Destroyed (220) 220 Prototype IDs (0) 0 Alien Tech Used (0) 0 Bonus (0) 0 TOTAL SCORE: 665 Bonus ------- None Cogmind --------- Core Integrity 0/250 Matter 259/300 Energy 49/250 System Corruption 1% Temperature Cool (6) Movement Rolling (90) Location -10/Subcaves Parts ------- > --- POWER (1) -------- Ion Engine > --- PROPULSION (2) --- Wheel Compact Wheel > --- UTILITY (2) ------ Small Storage Unit Signal Interpreter > --- WEAPON (2) ------- Light Assault Rifle Mining Laser > --- INVENTORY (8) ---- Light Ion Engine Heat Sink Improved Heat Sink Sensor Array Peak State ------------ > --- POWER ------------ Light Nuclear Core > --- PROPULSION ------- Wheel Wheel > --- UTILITY ---------- Small Storage Unit Signal Interpreter > --- WEAPON ----------- Particle Gun Light Assault Rifle > --- INVENTORY -------- Ion Engine Light Ion Engine Light Ion Engine Compact Wheel Improved Heat Sink Sensor Array Light Assault Rifle Mining Laser [Rating: 11] Favorites ----------- Power Light Nuclear Core Engine Ion Engine Power Core Light Nuclear Core Propulsion Wheel Wheel Wheel Utility Small Storage Unit Device Seismic Detector Storage Small Storage Unit Processor Signal Interpreter Weapon Light Assault Rifle Energy Gun Particle Gun Ballistic Gun Light Assault Rifle Special Weapon Mining Laser Build | -11 -10 -10 ------- Run | Yrd Mat Sub Slots Evolved . | . . . Power . | . . . Propulsion . | . . . Utility . | . . . Weapon . | . . . Parts Attached 16 | 8 6 2 Power 3 | 1 1 1 Engine 2 | 1 . 1 Core 1 | . 1 . Reactor . | . . . Propulsion 5 | 3 2 . Treads . | . . . Leg . | . . . Wheel 5 | 3 2 . Hover . | . . . Flight . | . . . Utility 3 | 2 1 . Device 1 | 1 . . Storage 1 | 1 . . Processor 1 | . 1 . Hackware . | . . . Protection . | . . . Artifact . | . . . Weapon 5 | 2 2 1 Energy Gun 2 | 1 1 . Energy Cannon . | . . . Ballistic Gun 2 | 1 . 1 Ballistic Cannon . | . . . Launcher . | . . . Special Weapon 1 | . 1 . Impact Weapon . | . . . Slashing Weapon . | . . . Piercing Weapon . | . . . Special Melee Weapon . | . . . Unidentified Prototypes . | . . . Parts Lost 5 | . 1 4 Power 1 | . . 1 Propulsion 2 | . 1 1 Utility . | . . . Weapon 2 | . . 2 Highest Loss Streak 4 | . 1 4 To Critical Strikes . | . . . Average Backups 7 | 4 7 7 Power 1 | 1 2 1 Propulsion 1 | 2 1 . Utility 1 | . 1 3 Weapon 1 | . 2 1 Tool/Special . | . . . Unused Backups 9 | 4 1 4 Power 2 | . 1 1 Propulsion 4 | 4 . . Utility 3 | . . 3 Weapon . | . . . Tool/Special . | . . . Average Slot Usage (%) 97 | . 98 95 Engine 3 | . 5 . Core 9 | . 8 10 Wheel 27 | . 27 27 Storage 14 | . 14 14 Processor 13 | . 12 14 Energy Gun 13 | . 14 12 Ballistic Gun 13 | . 13 14 Peak Build Rating 11 | 7 11 11 Average Rating 8 | 5 9 10 On Entrance 6 | . 7 11 Naked Turns . | . . . Heaviest Build 14 | 13 14 14 Greatest Support 26 | 26 20 20 Greatest Overweight (x) . | . . . Average Overweight (x) . | . . . Largest Inventory Capacity 8 | 8 8 8 Average Capacity 7 | 7 8 8 Most Carried 8 | 7 8 8 Average Carried 7 | 5 7 7 Final Capacity 8 | 8 8 8 Final Carried 8 | 7 8 4 Class Distribution -------------------- 61% | Scavenger-Mutant 38% | Mutant Dominant Class ---------------- Scavenger-Mutant | -10/Materials Scavenger-Mutant | -10/Subcaves Resources | -11 -10 -10 ----------- Run | Yrd Mat Sub Matter Collected 383 | 294 89 . Remotely . | . . . Salvage Created 370 | 146 224 . Parts 21 | 9 12 . Haulers Intercepted . | . . . Recyclers Shooed 1 | 1 . . Parts Field Recycled . | . . . Retrieved Matter . | . . . Parts Self-Destructed . | . . . Prevented . | . . . Kills | -11 -10 -10 ------- Run | Yrd Mat Sub Combat Hostiles Destroyed 5 | . 5 . Guns 5 | . 5 . Classes Destroyed 3 | 2 1 . Tunneler 3 | 3 . . Recycler 1 | 1 . . Grunt 5 | . 5 . Best Kill Streak 2 | 2 2 . Combat Bots Only 2 | . 2 . Max Kills in Single Turn 1 | 1 1 . Gunslinging . | . . . Exploded . | . . . Melee . | . . . Uniques/NPCs Destroyed . | . . . Combat | -11 -10 -10 -------- Run | Yrd Mat Sub Hostile Shots Fired 54 | . 27 27 Missed 14 | . 7 7 Hits 40 | . 20 20 Projectile 40 | . 20 20 Critical Strikes 1 | . 1 . Damage Taken 721 | . 247 474 Core 270 | . 70 200 Absorbed by Shields . | . . . Core Remaining (%) 100 | 100 . . Volleys Fired 44 | 14 24 6 Largest 2 | 2 2 2 Hottest 120 | 60 100 120 Shots Fired 86 | 27 47 12 Gun 84 | 27 46 11 Cannon . | . . . Launcher . | . . . Special 2 | . 1 1 Kinetic 43 | 14 23 6 Thermal 43 | 13 24 6 Explosive . | . . . Electromagnetic . | . . . Robot Hit Streak 11 | 7 10 11 Robot Miss Streak 2 | 2 2 1 Penetration Max . | . . . Secondary Targets . | . . . Shots Hit Robots 62 | 19 32 11 Core Hits 17 | 6 11 . Critical Kills . | . . . Critical Parts Destroyed . | . . . Critical Strikes 2 | . 1 1 Burn 2 | . 1 1 Melee Attacks . | . . . Impact . | . . . Slashing . | . . . Piercing . | . . . Sneak Attacks . | . . . Combat Hostiles . | . . . Follow-up Attacks . | . . . Damage Inflicted 590 | 190 316 84 Guns 566 | 190 316 60 Cannons . | . . . Explosions . | . . . Melee . | . . . Ramming . | . . . Kinetic 225 | 81 117 27 Thermal 365 | 109 199 57 Explosive . | . . . Electromagnetic . | . . . Impact . | . . . Slashing . | . . . Piercing . | . . . Highest Corruption 1 | . 1 1 Average Corruption 1 | . 1 1 Corruption Purged . | . . . Corruption Blocked . | . . . Effects 2 | . 1 1 Energy Discharges 2 | . 1 1 Overload Shots . | . . . Overflow Damage . | . . . Projectiles . | . . . Explosions . | . . . Melee . | . . . Knockbacks . | . . . Impact . | . . . Kinetic . | . . . Secondary . | . . . Self-Inflicted Damage . | . . . Shots . | . . . Rammed . | . . . Targets Rammed . | . . . Kicked . | . . . Crushed . | . . . Highest Temperature 177 | 40 177 17 Average Temperature 52 | 19 68 10 Received Heat Transfer 297 | . 153 144 Siege Activations . | . . . Martial Activations . | . . . Shielding Activations . | . . . Robots Disrupted . | . . . Combat Hostiles . | . . . Robots Corrupted . | . . . Combat Hostiles . | . . . Parts Fried . | . . . Impact Corruptions . | . . . Robots Melted . | . . . Combat Hostiles . | . . . Parts Melted . | . . . Heat Transferred 983 | 250 535 198 Parts Sabotaged . | . . . Parts Stolen . | . . . Parts Stripped . | . . . Power Chain Reactions . | . . . Alert | -11 -10 -10 ------- Run | Yrd Mat Sub Maximum Alert Level . | . . . Low Security (%) 100 | 100 100 . Level 1 . | . . . Level 2 . | . . . Level 3 . | . . . Level 4 . | . . . Level 5 . | . . . High Security . | . . . Max Security . | . . . Peak Influence 60 | 5 60 . Initial 3 | . 3 . Average 17 | 1 23 . Influence Increases 165 | 20 145 . Destroy 0b10 Robot/C 100 | . 100 . Destroy 0b10 Robot/NC 20 | 20 . . Destroy Leader 30 | . 30 . Disable Machine 15 | . 15 . Influence Decreases 165 | 15 150 . Entered New Map 2 | . 2 . Time Decay 163 | 15 148 . Squads Dispatched 2 | . 2 . Investigation 1 | . 1 . Extermination . | . . . Reinforcement 1 | . 1 . Assault . | . . . Garrison . | . . . Intercept . | . . . Searches Triggered . | . . . Construction Impeded . | . . . Haulers Reinforced . | . . . Active Scanning Responses . | . . . Cargo Convoy Interrupts . | . . . Stealth | -11 -10 -10 --------- Run | Yrd Mat Sub Distress Signals 1 | . 1 . Communications Jammed . | . . . Distress Signals . | . . . Times Spotted 8 | . 6 2 Peak Tracking Total 3 | . 3 2 Tactical Retreats . | . . . Traps | -11 -10 -10 ------- Run | Yrd Mat Sub Traps Triggered . | . . . Indirectly . | . . . Trap Hack Attempts . | . . . Triggered . | . . . Disarmed . | . . . Reprogrammed . | . . . Reused . | . . . Traps Extracted . | . . . Installed . | . . . Triggered . | . . . Machines | -11 -10 -10 ---------- Run | Yrd Mat Sub Machines Disabled 1 | . 1 . Max in Single Turn 1 | . 1 . Machines Repaired . | . . . Machines Dismantled . | . . . Machines Sabotaged . | . . . Overloaded Fab Kills . | . . . Hacking | -11 -10 -10 --------- Run | Yrd Mat Sub Machines Accessed 2 | . 2 . Terminals 2 | . 2 . Fabricators . | . . . Repair Stations . | . . . Recycling Units . | . . . Scanalyzers . | . . . Garrison Access . | . . . Total Hacks 5 | . 5 . Successful . | . . . Failed 5 | . 5 . Catastrophic 3 | . 3 . Database Lockouts . | . . . Manual 5 | . 5 . Terminals 5 | . 5 . Fabricators . | . . . Repair Stations . | . . . Recycling Units . | . . . Scanalyzers . | . . . Garrison Access . | . . . Terminal Hacks . | . . . Fabricator Hacks . | . . . Repair Station Hacks . | . . . Recycling Unit Hacks . | . . . Scanalyzer . | . . . Garrison Access Hacks . | . . . Unauthorized Hacks . | . . . Terminals . | . . . Fabricators . | . . . Repair Stations . | . . . Recycling Units . | . . . Scanalyzers . | . . . Garrison Access . | . . . Data Cores Recovered . | . . . Used . | . . . Hacking Detections 2 | . 2 . Full Trace Events 1 | . 1 . Feedback Events 1 | . 1 . Corruption 1 | . 1 . Feedback Blocked . | . . . Robot Schematics Acquired . | . . . Robots Built . | . . . Authchips . | . . . Time . | . . . Total Robot Build Rating . | . . . Part Schematics Acquired . | . . . Parts Built . | . . . Authchips . | . . . Time . | . . . Total Part Build Rating . | . . . Parts Repaired . | . . . Time . | . . . Parts Recycled . | . . . Recycled Matter . | . . . Retrieved Matter . | . . . Retrieved Components . | . . . Parts Scanalyzed . | . . . Part Schematics Acquired . | . . . Parts Damaged . | . . . Bothacking | -11 -10 -10 ------------ Run | Yrd Mat Sub Used RIF Installer . | . . . Robots Hacked . | . . . Non-combat . | . . . Combat . | . . . Robot Hacks Applied . | . . . Relay Couplers Released . | . . . Fabnet Peak Effective % . | . . . Robots Rewired . | . . . Allies Hacked . | . . . Hacks Repelled . | . . . Allies | -11 -10 -10 -------- Run | Yrd Mat Sub Total Allies . | . . . Largest Group . | . . . Highest-Rated Group . | . . . Highest-Rated Ally . | . . . Total Orders . | . . . Ally Attacks . | . . . Total Damage . | . . . Kills . | . . . Allies Corrupted . | . . . Allies Melted . | . . . Intel | -11 -10 -10 ------- Run | Yrd Mat Sub Active Infowar (turns) 49 | 31 18 . Seismic 49 | 31 18 . Robot Analysis Total . | . . . Derelict Logs Recovered 1 | . . 1 Drone Launches . | . . . Drone Recoveries . | . . . Exploration | -11 -10 -10 ------------- Run | Yrd Mat Sub Turns Passed 639 | 119 359 161 Spaces Moved 370 | 67 141 162 Core 7 | 7 . . Treads . | . . . Legs . | . . . Wheels 363 | 60 141 162 Hover . | . . . Flight . | . . . Fastest Speed 50 | 50 80 80 Average Speed 80 | 81 80 80 Slowest Speed 100 | 100 80 80 Overloaded Moves . | . . . Propulsion Burnouts . | . . . Robots Hopped . | . . . Potential Cave-ins . | . . . Cave-ins Triggered . | . . . Exploration Rate (%) 14 | 4 27 11 Regions Visited 2 Branch Regions 1 Pre-discovered Areas 1 | . . 1 Known Exits Taken 1 | . 1 . Unknown Exits Taken 1 | 1 . . Scrap Searched . | . . . Spaces Dug . | . . . Terrain Destroyed . | . . . Melee . | . . . Projectile . | . . . AOE . | . . . Terrain Rammed . | . . . Walls Destroyed . | . . . Machines Disabled . | . . . Actions | -11 -10 -10 --------- Run | Yrd Mat Sub Total 631 | 105 344 182 Wait 171 | 2 159 10 Move 368 | 66 140 162 Hop . | . . . Pick Up 15 | 10 5 . Fast Attach 11 | 8 3 . Attach 6 | . 2 4 Detach 4 | 1 3 . Swap 2 | . 2 . Drop 10 | 4 6 . Fire 44 | 14 24 6 Melee . | . . . Ram . | . . . Kick . | . . . Crush . | . . . Escape Stasis . | . . . Rewire . | . . . Trap . | . . . Miscellaneous . | . . . Route ------- -11/Scrapyard -10/Materials -10/Subcaves History --------- Turn | Location | Event 19 | -11/Scrapyard | Discovered new exit (range 16) 120 | -11/Scrapyard | Entered Materials 469 | -10/Materials | Discovered new exit (range 5) 478 | -10/Materials | Identified exit to Subcaves 479 | -10/Materials | Entered Subcaves 480 | -10/Subcaves | Approached by a straggling Scientist 498 | -10/Subcaves | Learned location of Zion (-7) 498 | -10/Subcaves | Met a Zionite searching for "candidates" 501 | -10/Subcaves | Learned Materials security intel 529 | -10/Subcaves | Build established: Scavenger-Mutant 565 | -10/Subcaves | Shifting Twisted Machinery released Sub. Power Source 566 | -10/Subcaves | Shifting Twisted Machinery released Piercing Trap 631 | -10/Subcaves | Core integrity fell below 50% 637 | -10/Subcaves | Core integrity fell below 20% 640 | -10/Subcaves | Destroyed by 83-HYF(R) with Subdweller Laser Last Messages --------------- from was talking about a shortcut back to the UFD." 00497_ 3E-SFK(z): "She is not going to be happy we haven't found any suitable candidates yet." 00498_ 3E-SFK(z): "Hey you! It's really dangerous down here, I feel that you could die at any moment. For your health and safety might I suggest a trip to Zion?" World map updated: -7/Zion. 00501_ Acquired derelict log, extracted data. Data stored: Materials security intel. 00525_ System corrupted: Energy discharge (-44). DD-G8O(c): "I think it's somewhere northwest of here" Sub. Power Source falls loose from the Twisted Machinery. Piercing Trap falls loose from the Twisted Machinery. DD-G8O(c): "I think it's somewhere northwest of here" 00607_ Lgt. Nuclear Core destroyed. 00628_ Wheel destroyed. 00629_ 83-HYF(R) suffers critical hit (Burn). 00629_ Particle Gun destroyed. 00631_ Lgt. Assault Rifle destroyed. DD-G8O(c): "I think it's somewhere west of here" Map ----- +----------------------------------------------------+ | ?????????????????????????????????????????????????? | | ?????????????????????????????????????????????????? | | ?????????????????????????????????????????????????? | | ?????????????????????????????????????????????????? | | ?????????????????????????????????????????????????? | | ?????????????????????????????????????????????????? | | ?????????????????????????????????????????????????? | | ?????????????????????????????????????????????????? | | ?????????????????????????????????????????????????? | | ?????????????????????????????????????????????????? | | ?????????????????????????????????????????????????? | | ?????????????????????????????????????????????????? | | ?????????????????????????????????????????????????? | | ?????????????????????????????????????????????????? | | ?????????????????????????????????????????????????? | | ?????????????????????????????????????????????????? | | ????????????????????????????????????##"""????????? | | ???????????????????????????????????# ???? ##?? | | ??????????????????????????????????# #???? #?? | | ????????????????????????????????## " # ??? #?? | | ???????????????????????????????## #### #?? | | ???????????????????????????????# " #? # #?? | | ?????????????????????#???????### "" ## #??? | | ??######???????###??##;###???#" """## ##?? | | ??# ###?????# ##?# ##?## " ### ##? | | ??# ##???## #### @### "#?#" #? | | ??# ##### #?### R ###" ???? | | ??# % #???## R "" # #??????? | | ??## % #????## ## "" ##?????? | | ???## #?????# ### #??##?? | | ????# ## ##????## ## #### ### #?? | | ????# %## #?????## #??# ### #?? | | ????# ##??####### %#?## ## #?? | | ????# ## #### ##### ##?# #??? | | ????# ## #?####??# #??? | | ????#### ### % ##????###### ##?? | | ??????# ### ## ##???## #?#### ##? | | ??????## ## ###### ##### ###### % #? | | ??????## ## #????## ## # # #? | | ?????## ##?????## & #? | | ????## ##???????## ## """"" ##? | | ????# ##?????????##### """"" # # ### #?? | | ????## #####?????????## "##"" ######?# #?? | | ?????# # ## #????????##* "###"" #?????? ##?? | | ????## # ##???????#"" #?#" #?????""##??? | | ????# ### """ ##?""""""#??? " #???? | | ????# ### """"#?# """"##???"""#???? | | ????####### #?## """"?# """##????""""???? | | ??####????## ##??#### """???""????????"""???? | | ??# ##???## ##??????# ""##""??????????????????? | +----------------------------------------------------+ Best States ------------- Heat Dissipation 25 Energy Generation 14 Energy Capacity 250 Matter Stores 300 Matter Capacity 300 Sight Range 16 Terrain Scan Density 10 Evasion (%) 44 Item Schematics ----------------- None Robot Schematics ------------------ None Fabricated ------------ Nothing Repaired ---------- Nothing Alien Tech Used ----------------- None Achievements -------------- None Challenges ------------ None Game ------ Seed NeutronBoltStatue Manual? 0 Play Time 00:09:51 Cumulative 93.5 hours Start 2025.07.19 @ 12:30:38 End 2025.07.19 @ 14:12:04 Sessions 1 Manual Loads 0 Difficulty Rogue Special Mode None Game No. 89 Rogue 86 Adventurer 1 Explorer 2 Win Type - Total 0 Types 0/0/0/0/0/0/0/0/0/0 Lore% 35 Gallery% 51 Achievement% 38 Wizard Run 0 Options --------- Layout 0 ASCII 0 Keyboard 0 Movement Mouse Keybinds 0 Fullscreen 2 Font 24/Smallcaps Map View 76x50 Zoom Use 0% Tactical HUD 1 Map Filters NONE Filters NONE Steam 1 RUN: 39a2c451-974f-42de-ad92-f0119046019e